Map: Zona del Vuoto

Players

Лоретал - Winner!

  • Race: Terran Terran

evobus - Winner!

  • Race: Protoss Protoss

Dima - Winner!

  • Race: Terran Terran

макс - Winner!

  • Race: Protoss Protoss

dgt

  • Race: Protoss Protoss

Jhyrachy

  • Race: Zerg Zerg
  • League: Gold

bgscs

  • Race: Protoss Protoss

Siegfried

  • Race: Protoss Protoss

VOD

Have the link to the VOD?

Description

Time

  • Played on: April 16, 2016, 4:42 p.m.
  • Length: 17:39
Show
View Real Time Build Order
Export as new Build Order

Лоретал Terran - Winner!

Build Orders:  

Get SALT Encoding   

  13  0:07  SCV  
  13  0:15  Supply Depot  
  13  0:20  SCV  
  14  0:32  SCV  
  14  0:33  Refinery  
  15  0:47  Barracks  
  15  0:49  SCV  
  16  1:01  SCV  
  17  1:13  SCV  
  17  1:16  Supply Depot  
  18  1:22  Refinery  
  18  1:25  SCV  
  19  1:31  Barracks  
  19  1:37  SCV  
  19  1:39  Marine  
  21  1:49  SCV  
  22  2:00  Barracks Reactor  
  22  2:01  SCV  
  23  2:13  SCV  
  24  2:18  Barracks Reactor  
  24  2:21  Barracks  
  24  2:28  Supply Depot  
  24  2:29  SCV  
  25  2:38  Reaper x2  
  26  2:55  Reaper x2  
  28  3:06  Supply Depot  
  28  3:12  Supply Depot  
  28  3:14  Barracks Tech Lab  
  28  3:19  Factory  
  28  3:20  Reaper x2  
  30  3:28  SCV  
  30  3:29  Engineering Bay  
  30  3:31  Reaper  
  32  3:40  Reaper  
  33  3:58  Terran Infantry Weapons Level 1  
  33  4:04  Command Center  
  33  4:07  Reaper  
  34  4:15  Orbital Command  
  28  5:05  Reaper x3  
  28  5:06  Reaper  
  30  5:37  Reaper x2  
  30  5:39  Marauder  
  34  5:44  Barracks  
  34  5:52  Barracks  
  34  5:55  Starport  
  34  6:04  Sensor Tower  
  34  6:09  Supply Depot  
  34  6:29  Orbital Command  
  34  6:31  Supply Depot, SCV  
  34  6:43  SCV  
  35  6:48  Barracks Reactor  
  35  6:51  Barracks Reactor  
  35  6:55  SCV  
  35  6:56  Reaper x2, Supply Depot  
  38  7:01  Medivac  
  38  7:07  SCV  
  42  7:15  SCV  
  42  7:18  Supply Depot  
  42  7:19  SCV  
  42  7:20  Marauder  
  45  7:26  Marine x2  
  45  7:27  SCV  
  45  7:28  Marine x2  
  50  7:32  Reaper x2  
  52  7:39  SCV  
  52  7:44  Marine x2  
  52  7:46  Marine x2  
  56  7:52  SCV  
  57  8:04  SCV  
  58  8:06  Sensor Tower  
  58  8:10  Marauder  
  58  8:11  Starport Reactor  
  60  8:14  Terran Infantry Armor Level 1  
  60  8:20  Armory, Marine x2  
  60  8:21  Marine x2  
  60  8:23  Marine x2  
  60  8:25  Marine x2  
  68  8:46  Sensor Tower  
  68  8:47  Refinery  
  68  8:50  Refinery  
  61  9:47  Marine x2  
  63  9:55  Marine  
  63  9:56  Marine  
  63  9:57  Command Center  
  63  9:59  Marine x2  
  67  10:01  Marine x2  
  67  10:04  Marine  
  67  10:05  Marine  
  71  10:13  Marine  
  71  10:14  Marine  
  73  10:16  Marine  
  73  10:17  Marine  
  73  10:19  Marine x2  
  77  10:22  Marine  
  38  13:10  Viking x2  
  32  13:15  Terran Ship Weapons Level 1  
  32  13:40  Viking x2  
  36  14:10  Viking x2  
  40  14:37  Starport  
  40  14:40  Viking x2  
  44  14:45  Refinery  
  44  14:46  Orbital Command  
  44  15:00  Refinery  
  44  15:09  Terran Ship Weapons Level 2  
  131  15:28  Viking x2  
  44  15:30  Starport Reactor  
  44  15:32  Orbital Command  
  36  16:13  Viking x2  
  36  16:15  Viking x2  
Show
View Real Time Build Order
Export as new Build Order

evobus Protoss - Winner!

Build Orders:  

Get SALT Encoding   

  12  0:04  Probe (Chrono Boost)  
  13  0:15  Probe (Chrono Boost)  
  14  0:25  Probe (Chrono Boost)  
  15  0:32  Pylon  
  15  0:51  Probe (Chrono Boost)  
  16  0:59  Forge  
  16  1:01  Probe (Chrono Boost)  
  16  1:02  Gateway  
  17  1:12  Probe (Chrono Boost)  
  18  1:22  Probe (Chrono Boost)  
  19  1:33  Probe (Chrono Boost)  
  20  1:40  Photon Cannon  
  20  1:42  Photon Cannon  
  20  1:43  Probe (Chrono Boost)  
  21  1:51  Pylon  
  22  1:54  Probe (Chrono Boost)  
  22  1:59  Assimilator  
  22  2:04  Assimilator, Probe (Chrono Boost)  
  23  2:15  Probe (Chrono Boost)  
  24  2:24  Nexus  
  24  2:32  Pylon  
  24  2:35  Pylon  
  24  2:42  Pylon  
  24  2:43  Probe (Chrono Boost)  
  25  2:53  Probe (Chrono Boost)  
  25  2:56  Photon Cannon  
  26  3:02  Photon Cannon  
  26  3:10  Photon Cannon  
  26  3:18  Photon Cannon  
  26  3:22  Assimilator  
  26  3:26  Assimilator  
  26  3:30  Probe (Chrono Boost)  
  27  3:40  Probe (Chrono Boost)  
  28  3:51  Probe (Chrono Boost)  
  28  3:54  Cybernetics Core  
  29  3:57  Probe (Chrono Boost)  
  29  4:02  Probe (Chrono Boost)  
  31  4:07  Probe (Chrono Boost)  
  32  4:11  Pylon  
  32  4:12  Probe (Chrono Boost)  
  33  4:18  Probe (Chrono Boost)  
  33  4:23  Probe (Chrono Boost)  
  35  4:28  Probe (Chrono Boost)  
  36  4:33  Probe (Chrono Boost)  
  37  4:39  Probe (Chrono Boost)  
  37  4:44  Probe (Chrono Boost)  
  39  4:46  Stargate  
  39  4:49  Probe (Chrono Boost)  
  39  4:52  Stargate  
  40  4:54  Probe (Chrono Boost)  
  40  4:55  Pylon  
  40  4:59  Probe (Chrono Boost)  
  42  5:01  Protoss Air Weapons Level 1 (Chrono Boost)  
  42  5:05  Probe  
  43  5:08  Probe  
  44  5:17  Probe  
  44  5:19  Probe  
  46  5:30  Probe, Void Ray (Chrono Boost)  
  51  5:37  Void Ray (Chrono Boost)  
  51  5:41  Probe  
  56  5:53  Probe  
  57  6:05  Probe  
  57  6:09  Void Ray (Chrono Boost)  
  62  6:13  Photon Cannon  
  62  6:15  Void Ray (Chrono Boost)  
  62  6:16  Photon Cannon  
  62  6:18  Probe  
  67  6:34  Probe  
  68  6:46  Probe, Void Ray (Chrono Boost)  
  73  6:52  Void Ray (Chrono Boost)  
  73  6:53  Photon Cannon  
  77  6:58  Probe  
  78  7:05  Pylon  
  78  7:10  Probe, Pylon  
  78  7:12  Probe  
  80  7:22  Probe  
  81  7:23  Void Ray (Chrono Boost)  
  81  7:24  Probe  
  86  7:36  Assimilator, Probe  
  87  7:41  Assimilator  
  87  7:48  Probe  
  88  7:56  Nexus  
  88  8:00  Probe  
  88  8:04  Pylon  
  89  8:20  Pylon  
  89  8:26  Pylon  
  89  8:34  Photon Cannon  
  89  8:35  Photon Cannon  
  89  8:42  Photon Cannon  
  89  8:44  Photon Cannon  
  89  8:47  Photon Cannon  
  74  9:08  Void Ray (Chrono Boost)  
  74  9:09  Void Ray (Chrono Boost)  
  86  9:46  Void Ray (Chrono Boost)  
  86  9:51  Probe  
  87  9:56  Nexus  
  87  10:03  Probe  
  87  10:05  Photon Cannon  
  87  10:06  Photon Cannon  
  88  10:08  Photon Cannon  
  88  10:16  Probe  
  88  10:18  Void Ray (Chrono Boost)  
  88  10:20  Stargate  
  89  10:22  Void Ray (Chrono Boost)  
  89  10:23  Stargate  
  89  10:24  Stargate  
  89  10:27  Protoss Air Armor Level 1 (Chrono Boost)  
  89  10:28  Probe  
  98  10:40  Probe  
  99  10:54  Void Ray  
  99  10:57  Photon Cannon  
  99  11:01  Photon Cannon  
  103  11:04  Void Ray  
  103  11:05  Photon Cannon  
  103  11:09  Void Ray  
  111  11:28  Probe  
  111  11:32  Void Ray  
  112  11:38  Void Ray  
  112  11:39  Probe  
  121  11:49  Probe  
  121  11:53  Void Ray x2  
  130  12:00  Probe  
  131  12:10  Probe  
  132  12:21  Probe  
  133  12:32  Probe  
  130  12:42  Probe  
  115  12:44  Void Ray  
  115  12:50  Void Ray x3  
  131  13:41  Void Ray  
  131  13:47  Void Ray  
  139  14:41  Void Ray  
  139  14:51  Void Ray  
  139  15:44  Void Ray  
  139  15:48  Void Ray  
  139  15:49  Void Ray, Pylon x2  
  139  15:50  Pylon  
  139  15:52  Void Ray  
  139  15:53  Pylon  
  139  16:07  Void Ray  
  143  16:21  Void Ray  
  143  16:31  Void Ray x2  
  155  16:36  Void Ray  
Show
View Real Time Build Order
Export as new Build Order

Dima Terran - Winner!

Build Orders:  

Get SALT Encoding   

  12  0:04  SCV  
  13  0:18  SCV  
  13  0:19  Supply Depot  
  14  0:30  SCV  
  15  0:48  Barracks  
  15  0:52  Refinery  
  15  0:57  Refinery  
  15  0:58  SCV  
  16  1:10  SCV  
  17  1:13  Engineering Bay  
  17  1:22  SCV  
  18  1:34  SCV  
  19  1:45  Barracks Tech Lab  
  19  1:46  Bunker, SCV  
  20  1:57  Missile Turret  
  20  1:58  SCV  
  21  2:21  Factory  
  21  2:26  SCV  
  22  2:38  SCV, Supply Depot  
  23  2:51  Supply Depot  
  23  3:00  SCV  
  23  3:01  Marauder  
  26  3:11  Missile Turret  
  26  3:12  SCV  
  27  3:15  Factory Tech Lab  
  27  3:22  Marine  
  27  3:24  Starport  
  28  3:35  Siege Tank  
  28  3:40  Marine, Supply Depot  
  32  3:57  Marine  
  32  4:02  Supply Depot, Starport Reactor  
  33  4:07  Starport  
  33  4:37  Command Center  
  33  4:39  Siege Tank  
  36  4:46  Starport Tech Lab  
  36  4:54  Missile Turret  
  36  5:05  Building Armor  
  36  5:14  SCV  
  37  5:26  Missile Turret, SCV  
  38  5:38  Missile Turret, SCV  
  38  5:39  Widow Mine  
  41  5:50  SCV  
  41  5:54  Planetary Fortress  
  42  6:02  SCV  
  43  6:05  Missile Turret  
  43  6:08  Widow Mine, Marauder  
  47  6:14  SCV  
  48  6:29  Refinery  
  48  6:31  SCV  
  49  6:43  SCV  
  49  6:45  Siege Tank, Hi-Sec Auto Tracking  
  53  6:52  Refinery, Viking x2  
  57  6:55  SCV  
  58  7:08  SCV  
  59  7:17  Widow Mine, Armory  
  59  7:20  SCV  
  62  7:28  Viking x2  
  62  7:29  Viking  
  68  7:32  SCV  
  69  7:43  Missile Turret  
  70  7:44  SCV  
  70  7:59  Orbital Command  
  70  8:05  Missile Turret  
  70  8:13  Supply Depot  
  70  8:25  Command Center  
  70  8:35  SCV, Viking  
  70  8:36  Supply Depot  
  73  8:42  Terran Vehicle And Ship Armor Level 1  
  73  8:47  SCV  
  74  8:59  SCV  
  75  9:09  Siege Tank  
  78  9:11  SCV  
  79  9:41  Siege Tank  
  82  10:02  Marine  
  82  10:06  Neosteel Frame  
  83  10:12  Widow Mine  
  85  10:19  Marine  
  86  10:37  Marine  
  86  10:41  Widow Mine  
  86  10:42  Viking x3  
  95  10:51  SCV  
  95  10:55  Marine  
  97  11:03  SCV  
  98  11:09  Widow Mine  
  100  11:13  Marine  
  101  11:25  Terran Infantry Weapons Level 1  
  101  11:33  Terran Vehicle And Ship Armor Level 2  
  101  12:03  Viking x3  
  101  12:04  SCV  
  111  12:15  Siege Tank  
  111  12:27  Factory  
  111  12:33  Viking x3  
  117  12:47  Siege Tank  
  120  13:03  Viking x2  
  124  13:40  Siege Tank, Viking  
  125  13:41  Viking  
  125  13:42  Factory Tech Lab  
  57  15:18  Orbital Command  
  57  15:50  Starport Tech Lab  
  57  15:54  Starport Tech Lab  
  57  16:18  Supply Depot  
  57  16:53  Supply Depot  
  57  17:16  Supply Depot  
Show
View Real Time Build Order
Export as new Build Order

макс Protoss - Winner!

Build Orders: Nexus First 

Get SALT Encoding   

  12  0:07  Probe (Chrono Boost)  
  13  0:17  Probe (Chrono Boost)  
  14  0:28  Probe (Chrono Boost)  
  15  0:57  Pylon  
  15  1:05  Nexus  
  15  1:22  Probe (Chrono Boost)  
  16  1:30  Assimilator  
  16  1:32  Probe (Chrono Boost)  
  17  1:38  Pylon  
  17  1:44  Forge  
  17  1:51  Assimilator  
  17  1:56  Probe (Chrono Boost)  
  18  2:07  Probe (Chrono Boost)  
  19  2:16  Gateway  
  19  2:18  Probe (Chrono Boost)  
  20  2:24  Nexus  
  20  2:32  Probe (Chrono Boost)  
  21  2:43  Probe (Chrono Boost)  
  22  2:48  Photon Cannon  
  22  2:54  Probe (Chrono Boost)  
  22  2:55  Photon Cannon  
  23  3:14  Cybernetics Core  
  23  3:18  Pylon  
  23  3:22  Probe (Chrono Boost)  
  24  3:30  Pylon  
  24  3:33  Probe (Chrono Boost)  
  25  3:43  Probe (Chrono Boost)  
  25  3:45  Pylon  
  26  3:59  Stargate  
  26  4:03  Stargate  
  26  4:08  Stargate  
  26  4:12  Pylon  
  26  4:19  Protoss Air Weapons Level 1 (Chrono Boost)  
  26  4:24  Probe  
  26  4:31  Assimilator  
  27  4:34  Probe  
  27  4:36  Assimilator  
  28  4:39  Probe  
  28  4:45  Probe  
  29  4:49  Probe  
  29  4:52  Mothership Core  
  33  4:55  Probe  
  34  5:00  Probe  
  34  5:06  Probe  
  36  5:15  Probe  
  36  5:16  Probe  
  38  5:22  Assimilator  
  38  5:25  Probe  
  38  5:27  Assimilator  
  39  5:30  Photon Cannon  
  39  5:36  Probe  
  39  5:41  Photon Cannon  
  40  5:46  Probe  
  40  5:48  Photon Cannon  
  41  5:50  Probe  
  42  5:58  Photon Cannon  
  42  6:00  Probe  
  42  6:02  Photon Cannon  
  43  6:05  Protoss Air Armor Level 1 (Chrono Boost)  
  43  6:06  Photon Cannon  
  43  6:11  Probe, Void Ray  
  48  6:20  Protoss Shields Level 1 (Chrono Boost)  
  48  6:28  Probe  
  49  6:34  Probe  
  49  6:38  Probe  
  50  6:45  Void Ray  
  50  6:46  Probe  
  56  6:49  Probe  
  56  6:50  Void Ray  
  61  6:58  Probe  
  61  6:59  Probe  
  62  7:04  Void Ray  
  67  7:10  Probe x2  
  69  7:15  Twilight Council  
  69  7:20  Pylon  
  69  7:22  Probe  
  70  7:24  Fleet Beacon  
  70  7:28  Robotics Facility  
  70  7:38  Stargate  
  70  7:43  Void Ray x2  
  78  7:50  Probe  
  79  7:54  Probe, Protoss Air Weapons Level 2  
  80  8:02  Probe  
  80  8:04  Probe  
  81  8:06  Protoss Shields Level 2 (Chrono Boost)  
  82  8:14  Probe  
  82  8:15  Probe  
  84  8:26  Probe  
  85  8:27  Observer  
  86  8:38  Probe  
  87  8:49  Observer  
  80  9:28  Nexus  
  80  9:58  Photon Cannon  
  80  10:02  Photon Cannon  
  80  10:05  Pylon  
  80  10:27  Carrier x2  
  92  10:39  Carrier x2  
  104  10:53  Protoss Air Armor Level 2  
  104  10:55  Pylon  
  104  11:02  Pylon  
  104  11:07  Pylon  
  104  11:09  Graviton Catapult  
  104  11:16  Protoss Shields Level 3 (Chrono Boost)  
  104  11:21  Pylon  
  104  11:53  Carrier x2  
  116  11:56  Stargate  
  116  12:05  Void Ray x2  
  124  12:09  Stargate  
  124  12:14  Stargate  
  124  12:21  Pylon  
  120  14:02  Void Ray  
  120  14:03  Void Ray x6  
  148  14:12  Photon Cannon  
  144  14:19  Photon Cannon  
  144  14:21  Photon Cannon  
  144  14:23  Photon Cannon  
  138  14:45  Void Ray x2  
  146  15:12  Pylon  
  146  15:14  Pylon  
  146  15:29  Pylon  
  146  15:30  Void Ray x2  
  146  15:31  Void Ray x2  
  146  15:33  Pylon  
  162  15:37  Pylon  
  162  15:47  Void Ray x2  
  166  16:36  Photon Cannon  
  166  16:39  Photon Cannon  
  166  16:41  Photon Cannon  
  166  16:46  Observer  
  167  16:53  Void Ray x4  
  183  16:58  Pylon  
  183  17:02  Pylon  
  183  17:07  Observer  
Show
View Real Time Build Order
Export as new Build Order

dgt Protoss 

Build Orders:  

Get SALT Encoding   

  12  0:02  Probe (Chrono Boost)  
  13  0:16  Probe (Chrono Boost)  
  14  0:23  Pylon  
  14  0:26  Probe (Chrono Boost)  
  15  0:35  Pylon  
  15  0:41  Probe (Chrono Boost)  
  16  0:45  Forge  
  16  1:02  Assimilator, Pylon  
  16  1:03  Assimilator  
  16  1:04  Probe (Chrono Boost)  
  17  1:15  Probe (Chrono Boost)  
  18  1:25  Photon Cannon  
  18  1:26  Photon Cannon  
  18  1:38  Gateway  
  18  1:39  Gateway  
  18  1:42  Gateway  
  18  2:07  Nexus  
  18  2:18  Pylon  
  18  2:29  Zealot x3  
  24  2:34  Cybernetics Core  
  24  2:50  Probe (Chrono Boost)  
  25  2:51  Pylon  
  25  2:54  Pylon  
  25  3:00  Probe (Chrono Boost)  
  26  3:11  Stalker x2  
  30  3:17  Assimilator  
  30  3:19  Stalker  
  32  3:21  Assimilator  
  32  3:24  Warp Gate (Chrono Boost)  
  32  3:33  Twilight Council  
  32  3:39  Probe  
  32  3:41  Probe  
  34  3:45  Sentry  
  36  3:50  Sentry  
  36  3:53  Probe  
  39  4:04  Robotics Facility  
  39  4:10  Protoss Ground Weapons Level 1 (Chrono Boost)  
  39  4:17  Dark Shrine  
  39  4:20  Probe  
  39  4:21  Probe  
  41  4:29  Mothership Core  
  41  4:37  Pylon  
  43  4:41  Pylon  
  43  4:45  Charge (Chrono Boost)  
  43  4:51  Observer  
  44  5:04  Photon Cannon  
  44  5:06  Probe  
  44  5:07  Probe, Photon Cannon  
  46  5:19  Probe  
  47  5:25  Probe  
  48  5:31  Probe  
  48  5:35  Probe, Observer  
  50  5:37  Photon Cannon  
  50  5:40  Photon Cannon, Dark Templar  
  50  5:41  Dark Templar  
  55  5:44  Dark Templar  
  57  6:04  Protoss Ground Weapons Level 2 (Chrono Boost)  
  57  6:27  Blink  
  57  6:33  Stalker x3  
  63  6:45  Immortal  
  67  6:48  Probe x2, Pylon  
  67  6:50  Pylon  
  67  6:52  Pylon  
  69  7:00  Probe x2  
  71  7:04  Robotics Bay  
  71  7:11  Gateway  
  71  7:12  Probe  
  71  7:13  Probe  
  73  7:25  Templar Archives  
  74  7:30  Observer  
  74  7:35  Robotics Facility  
  74  7:39  Stalker x3  
  80  8:13  Probe x2  
  80  8:14  Assimilator, Nexus  
  80  8:16  Pylon  
  82  8:21  Assimilator  
  82  8:24  Pylon  
  82  8:25  Probe x2  
  84  8:36  Photon Cannon  
  84  8:38  Photon Cannon  
  84  8:39  Colossus  
  90  8:46  Colossus  
  96  9:02  High Templar  
  98  9:03  High Templar x2  
  102  9:16  Nexus  
  102  9:20  Assimilator  
  102  9:22  Assimilator  
  102  9:30  Gateway  
  102  9:31  Gateway  
  102  9:34  Probe x2  
  102  9:36  Gateway  
  104  9:46  Probe x2  
  104  9:52  Colossus  
  112  10:00  Protoss Ground Weapons Level 3 (Chrono Boost)  
  112  10:18  Stalker x2  
  112  10:19  Stalker x2  
  120  10:24  Archon  
  120  10:28  Probe x2  
  120  10:29  Probe x2  
  124  10:38  Probe  
  124  10:39  Probe  
  124  10:41  Probe x2  
  128  10:54  Colossus x2 (Chrono Boost)  
  140  11:02  Extended Thermal Lance  
  140  11:05  Probe  
  140  11:06  Probe x2  
  143  11:17  Gateway  
  143  11:19  Gateway  
  143  11:22  Gateway  
  143  11:23  Probe  
  143  11:24  Probe x2  
  143  11:25  Probe  
  147  11:33  Probe  
  147  11:36  Probe x2  
  150  11:41  Forge  
  150  11:42  Forge  
  150  11:48  Stalker x2  
  150  11:49  Stalker x2  
  150  11:51  Stalker  
  160  12:06  Pylon  
  160  12:07  Pylon  
  160  12:12  Probe x2  
  160  12:14  Pylon  
  162  12:16  Pylon  
  162  12:18  Colossus (Chrono Boost)  
  162  12:25  Protoss Shields Level 1 (Chrono Boost)  
  162  12:27  Protoss Ground Armor Level 1 (Chrono Boost)  
  168  12:37  Pylon  
  168  12:40  Pylon  
  168  12:42  Pylon, Stalker x2  
  168  12:43  Stalker x4  
  168  12:44  Stalker  
  182  12:48  Resonating Glaives  
  175  13:44  Stalker x4  
  175  13:45  Stalker x4  
  163  14:16  Stalker x2  
  163  14:17  Stalker x4  
  167  14:18  Stalker x2  
  167  14:23  Protoss Shields Level 2 (Chrono Boost)  
  155  14:41  Protoss Ground Armor Level 2 (Chrono Boost)  
  137  14:53  Stalker x2  
  137  14:54  Stalker  
  137  14:55  Stalker  
  137  14:56  Stalker x3  
  137  14:57  Stalker  
  139  15:18  Stalker x3  
  139  15:19  Stalker x3  
  139  15:20  Stalker x2  
  83  16:04  Stalker x2  
  83  16:05  Stalker  
  83  16:06  Stalker x4  
  83  16:07  Stalker  
  87  16:29  Gateway  
  87  16:30  Gateway  
  67  16:43  Stalker x3  
  67  16:44  Stalker x4  
  67  16:45  Stalker x2  
Show
View Real Time Build Order
Export as new Build Order

Jhyrachy Zerg 

Build Orders: Pool First, Lurkers 

Get SALT Encoding   

  12  0:04  Drone  
  13  0:15  Drone  
  13  0:18  Overlord  
  14  0:37  Drone  
  14  0:38  Drone x2  
  17  0:49  Spawning Pool  
  16  0:51  Drone  
  16  0:52  Extractor  
  16  1:01  Drone  
  17  1:15  Drone  
  18  1:23  Drone  
  19  1:32  Hatchery  
  18  1:34  Drone  
  19  1:42  Drone  
  19  1:43  Queen  
  19  1:45  Metabolic Boost  
  22  1:53  Hatchery  
  21  1:55  Drone  
  22  2:12  Extractor  
  21  2:19  Evolution Chamber  
  21  2:22  Zergling x4  
  22  2:32  Overlord  
  22  2:43  Queen  
  24  2:47  Zerg Melee Weapons Level 1  
  24  3:00  Drone  
  24  3:01  Drone x2  
  24  3:02  Drone  
  24  3:05  Drone x2  
  30  3:06  Queen  
  30  3:09  Drone  
  33  3:17  Overlord  
  33  3:18  Zergling x4  
  35  3:25  Baneling Nest  
  34  3:36  Drone  
  34  3:37  Drone  
  34  3:39  Drone  
  37  3:57  Lair  
  37  4:01  Drone  
  37  4:13  Drone  
  37  4:14  Drone, Overlord x2  
  39  4:18  Drone x6  
  45  4:27  Evolution Chamber  
  45  4:30  Roach Warren  
  41  4:33  Zergling x2  
  41  4:34  Zergling x24  
  53  4:49  Zerg Ground Armor Level 1  
  50  4:57  Queen  
  50  4:59  Centrifical Hooks  
  46  5:08  Zerg Melee Weapons Level 2  
  46  5:10  Glial Reconstitution  
  46  5:13  Burrow  
  46  5:18  Drone  
  46  5:19  Drone x3  
  50  5:47  Drone x3  
  53  6:09  Drone x3  
  53  6:10  Drone x3  
  59  6:14  Extractor  
  59  6:16  Extractor  
  59  6:17  Roach x4  
  65  6:18  Overlord x2  
  65  6:19  Overlord x3  
  65  6:29  Tunneling Claws  
  65  6:36  Queen  
  67  6:50  Zerg Missile Weapons Level 1  
  69  6:54  Roach x5  
  69  6:55  Roach x14  
  69  6:56  Overlord, Roach  
  105  7:24  Zerg Ground Armor Level 2  
  105  7:26  Drone  
  105  7:27  Drone x2  
  108  8:05  Hatchery  
  107  8:20  Infestation Pit  
  107  8:24  Hydralisk Den  
  107  8:25  Drone x3, Roach x22  
  107  8:26  Overlord x2  
  97  9:22  Hydralisk  
  97  9:23  Hydralisk x17  
  97  9:24  Hydralisk x4  
  127  9:26  Overlord  
  127  9:27  Overlord x5  
  135  9:31  Muscular Augments  
  131  9:40  Zerg Missile Weapons Level 2  
  131  9:41  Spore Crawler x2  
  131  9:42  Spore Crawler  
  116  10:04  Queen  
  114  10:45  Lurker Den  
  114  10:49  Hydralisk x11  
  116  10:50  Hydralisk x10  
  156  11:07  Overseer  
  156  11:08  Overseer  
  156  11:09  Overseer x2  
  156  11:11  Hive  
  156  11:22  Hydralisk x9  
  158  11:57  Extractor  
  158  11:58  Extractor  
  137  12:57  Lurker x4  
  137  12:58  Lurker x3  
  121  13:22  Drone x2  
  121  13:23  Drone x10  
  99  13:28  Spawning Pool  
  66  13:42  Hydralisk  
  66  13:43  Hydralisk x19  
  66  13:44  Hydralisk x5  
Show
View Real Time Build Order
Export as new Build Order

bgscs Protoss 

Build Orders: Blink Stalkers 

Get SALT Encoding   

  12  0:04  Probe (Chrono Boost)  
  13  0:16  Probe (Chrono Boost)  
  14  0:27  Pylon  
  14  0:29  Probe (Chrono Boost)  
  15  0:45  Probe (Chrono Boost)  
  15  0:48  Gateway  
  16  0:56  Probe (Chrono Boost)  
  17  1:07  Pylon  
  17  1:08  Probe (Chrono Boost)  
  18  1:19  Probe (Chrono Boost)  
  19  1:29  Probe (Chrono Boost)  
  20  1:33  Assimilator  
  20  1:39  Cybernetics Core  
  20  1:41  Probe (Chrono Boost)  
  21  1:57  Probe (Chrono Boost)  
  22  2:07  Pylon  
  22  2:08  Probe (Chrono Boost)  
  23  2:16  Warp Gate (Chrono Boost)  
  23  2:22  Mothership Core  
  25  2:47  Assimilator  
  25  2:57  Nexus  
  25  3:03  Stalker  
  25  3:05  Probe  
  28  3:15  Twilight Council  
  28  3:19  Pylon  
  28  3:27  Pylon  
  28  3:31  Pylon  
  28  3:45  Blink (Chrono Boost)  
  28  4:02  Gateway  
  28  4:12  Forge  
  28  4:32  Stalker  
  30  4:57  Gateway  
  30  4:58  Pylon  
  30  5:03  Assimilator  
  30  5:08  Assimilator  
  30  5:09  Protoss Ground Weapons Level 1 (Chrono Boost)  
  30  5:18  Gateway  
  30  5:20  Pylon  
  30  5:27  Pylon  
  31  5:28  Probe  
  31  5:29  Probe  
  32  5:40  Probe  
  33  5:44  Stalker x2  
  37  5:56  Robotics Facility  
  37  6:00  Pylon  
  37  6:03  Pylon  
  37  6:09  Stalker  
  37  6:10  Stalker  
  41  6:46  Observer  
  42  6:51  Zealot x2  
  46  7:07  Observer  
  47  7:21  Stalker x4  
  55  7:55  Stalker x3  
  61  8:00  Observer  
  62  8:26  Robotics Bay  
  62  8:28  Forge  
  62  8:30  Pylon  
  62  8:31  Stalker  
  62  8:32  Stalker  
  66  9:20  Stalker  
  66  9:21  Stalker x3  
  74  9:28  Protoss Ground Weapons Level 2  
  74  10:14  Stalker x2  
  76  10:15  Stalker  
  80  10:23  Nexus  
  80  10:24  Pylon  
  80  10:49  Assimilator  
  80  10:53  Extended Thermal Lance  
  80  10:55  Assimilator  
  80  11:05  Stalker x4  
  88  11:21  Protoss Shields Level 1  
  88  11:25  Colossus  
  88  11:29  Protoss Ground Armor Level 1  
  88  11:30  Stalker x2  
  88  11:31  Stalker  
  99  12:33  Observer Gravitic Boosters  
  89  13:11  Protoss Ground Weapons Level 3  
  89  13:12  Stalker  
  91  13:13  Stalker x3  
Show
View Real Time Build Order
Export as new Build Order

Siegfried Protoss 

Build Orders:  

Get SALT Encoding   

  12  0:09  Probe (Chrono Boost)  
  13  0:16  Pylon  
  13  0:21  Probe (Chrono Boost)  
  14  0:32  Probe (Chrono Boost)  
  15  0:49  Probe (Chrono Boost)  
  16  0:52  Assimilator  
  16  0:59  Assimilator  
  16  1:00  Probe (Chrono Boost)  
  17  1:19  Pylon  
  17  1:21  Probe (Chrono Boost)  
  18  1:37  Probe (Chrono Boost)  
  19  1:47  Probe (Chrono Boost)  
  19  1:51  Gateway  
  20  2:07  Probe (Chrono Boost)  
  21  2:18  Probe (Chrono Boost)  
  22  2:31  Pylon  
  22  2:42  Probe (Chrono Boost)  
  23  2:55  Nexus  
  23  3:07  Probe (Chrono Boost)  
  24  3:44  Cybernetics Core  
  24  3:47  Gateway  
  24  4:11  Warp Gate  
  24  4:21  Assimilator  
  24  4:23  Assimilator  
  24  4:30  Mothership Core (Chrono Boost)  
  26  5:31  Probe x2 (Chrono Boost)  
  28  6:21  Twilight Council  
  28  6:22  Pylon  
  28  6:41  Pylon  
  28  6:43  Pylon x2  
  28  7:37  Pylon  
  28  7:38  Stalker x2  
  28  7:39  Pylon  
  28  7:40  Blink  
  32  8:31  Stalker  
  34  9:20  Stalker  
  34  9:21  Stalker  
  38  10:14  Stalker x2  
  42  11:17  Pylon  
  42  13:12  Stalker x2  
Tags
 
Add a new tag
Caveats
  • Supply blocks, unpowered buildings, or Contaminate may cause inaccurate times.
  • Supply counts are checked every 10 seconds.